 Dungeon Crawl Stone Soup version 0.19.0-9-gfd783f2 (webtiles) character file.

213 Millan the Shield-Bearer (level 5, -2/32 HPs)
             Began as a Gargoyle Fighter on Nov 7, 2016.
             Slain by a hippogriff (6 damage)
             ... on level 3 of the Dungeon.
             The game lasted 00:05:36 (2233 turns).

Millan the Shield-Bearer (Gargoyle Fighter)         Turns: 2233, Time: 00:05:36

Health: -2/32      AC: 12    Str: 19    XL:     5   Next: 90%
Magic:  5/5        EV:  7    Int:  8    God:
Gold:   152        SH:  9    Dex:  9    Spells: 0 memorised, 4 levels left

rFire  . . .     SeeInvis .     a - +0 flail
rCold  . . .     Gourm    .     b - +0 scale mail
rNeg   + . .     Faith    .     c - +0 shield
rPois  ∞         Spirit   .     i - +0 helmet
rElec  +         Reflect  .     (no cloak)
rCorr  .         Harm     .     (no gloves)
MR     .....                    (no boots)
Stlth  ..........               (no amulet)
                                u - -2 ring of strength (curse)
                                q - ring of poison resistance

@: no status effects
A: negative energy resistance 1, electricity resistance, unbreathing,
petrification resistance, rot immunity, AC +4
a: no special abilities


You were on level 3 of the Dungeon.
You were not hungry.

You visited 1 branch of the dungeon, and saw 4 of its levels.

You collected 152 gold pieces.

Inventory:

Hand Weapons
 a - a +0 flail (weapon)
Armour
 b - a +0 scale mail (worn)
 c - a +0 shield (worn)
 i - a +0 helmet (worn)
Jewellery
 q - a ring of poison resistance (left hand)
 u - a cursed -2 ring of strength (right hand)
Scrolls
 g - 2 scrolls of random uselessness {unknown}
 h - 7 scrolls of remove curse {unknown}
 k - 5 scrolls of identify {unknown}
 l - a scroll of amnesia {unknown}
 n - a scroll of immolation {unknown}
 o - a scroll of fog {unknown}
 t - a scroll of blinking {unknown}
 v - a scroll of recharging {unknown}
 w - 2 scrolls of teleportation {unknown}
 x - a scroll of fear {unknown}
Potions
 e - 2 potions of curing {unknown}
 j - a potion of haste {unknown}
 m - 2 potions of lignification {unknown}
 p - a potion of ambrosia {unknown}
 r - a potion of agility {unknown}
Comestibles
 d - 9 chunks of flesh
 f - a bread ration
 s - a meat ration


   Skills:
 + Level 3.6 Fighting
 + Level 4.2 Maces & Flails
 + Level 4.3 Armour
 - Level 0.2 Dodging
 + Level 4.3 Shields


You had 4 spell levels left.
You didn't know any spells.

Dungeon Overview and Level Annotations

Branches:
Dungeon (4/15)
 Temple: D:4-7

Altars:
Cheibriados
Makhleb
Trog
Xom


Innate Abilities, Weirdness & Mutations

You are resistant to torment.
Your stone body is resilient. (AC +4)
You are immune to poison.
You resist negative energy. (rN+)
You are resistant to electric shocks. (rElec)
You can survive without breathing.
You are immune to petrification.
You are immune to rotting.


Message History

The hippogriff bites you. You block the hippogriff's attack.
The hippogriff claws you but does no damage.
The hippogriff bites you. You block the hippogriff's attack. x2
Your shield and scale mail prevent you from hitting the hippogriff.
You block the hippogriff's attack. x2
The hippogriff claws you but does no damage.
Your shield prevents you from hitting the hippogriff.
The hippogriff bites you.
The hippogriff pecks you but does no damage.
The hippogriff barely misses you.
You closely miss the hippogriff. The hippogriff bites you.
The hippogriff pecks you.
* * * LOW HITPOINT WARNING * * *
The hippogriff claws you but does no damage.
You closely miss the hippogriff. You block the hippogriff's attack.
The hippogriff pecks you but does no damage.
The hippogriff barely misses you. The hippogriff bites you.
* * * LOW HITPOINT WARNING * * *
The hippogriff pecks you.
You die...

#.# #. #.# #. #.#
#. #.# #. #.# #.##
#.# #..###.##
##.#######.##.#.##
......)@H._..###.#
##....####.##.#.##
#.... #.##).##
##... #....## ##.#
####.# ##.## #.#
#...# #.# #####
#...# #.# <...###
####...#### #.#


You could see a hippogriff.

Vanquished Creatures
  A scorpion (D:4)
  A worker ant (D:4)
  Robin (D:3)
  A gnoll (D:3)
  3 adders
  An ooze (D:1)
  3 dart slugs
  2 leopard geckos (D:2)
  4 orcs (D:3)
  8 bats
  5 giant cockroaches
  10 hobgoblins
  3 jackals (D:2)
  11 kobolds
  4 quokkas
  A ball python (D:1)
  2 frilled lizards
  10 goblins
  5 rats
76 creatures vanquished.

Notes
Turn   | Place    | Note
-------+----------+-------------------------------------------
     0 | D:1      | Millan the Gargoyle Fighter began the quest for the Orb.
     0 | D:1      | Reached XP level 1. HP: 14/14 MP: 1/1
   142 | D:1      | Reached XP level 2. HP: 19/19 MP: 2/2
   522 | D:1      | Reached XP level 3. HP: 22/23 MP: 3/3
  1381 | D:2      | You fall through a shaft!
  1411 | D:3      | Reached XP level 4. HP: 24/28 MP: 4/4
  1547 | D:3      | You fall through a shaft!
  1547 | D:4      | Found a bloodstained altar of Trog.
  1547 | D:4      | Found a burning altar of Makhleb.
  1547 | D:4      | Found a shimmering altar of Xom.
  1578 | D:4      | Reached XP level 5. HP: 23/32 MP: 5/5
  2163 | D:3      | Noticed Robin
  2169 | D:3      | Killed Robin
  2211 | D:3      | Found a snail-covered altar of Cheibriados.
  2224 | D:3      | Noticed a hippogriff
  2233 | D:3      | Slain by a hippogriff

Skill      XL: |  1  2  3  4  5 |
---------------+----------------+-----
Shields        | 4 |  4.3
Maces & Flails | 3 4 |  4.2
Armour         | 4 |  4.3
Fighting       | |  3.6
Dodging        | |  0.2

Action                   |  1- 3 |  4- 6 || total
-------------------------+-------+-------++-------
Melee: Flail             |   150 |   131 ||   281
  Use: Potion            |       |     1 ||     1
  Eat: Chunk             |     2 |     1 ||     3
       Meat ration       |       |     1 ||     1
Armor: Scale mail        |    88 |    77 ||   165
Dodge: Dodged            |    67 |    44 ||   111
Block: Shield            |    80 |    72 ||   152
